 Dungeon Crawl Stone Soup version 0.25-a0-2-g6559c6c67a (webtiles) character file.

Game seed: 11936856100263430828, levelgen mode: deterministic

1753 Kohma the Slinger (level 9, -4/54 HPs)
             Began as a Halfling Hunter on Oct 14, 2019.
             Slain by an orc warrior
             ... wielding a +0 halberd
              (11 damage)
             ... on level 10 of the Dungeon.
             The game lasted 00:18:05 (4697 turns).

Kohma the Slinger (Halfling Hunter)                 Turns: 4697, Time: 00:18:05

Health: -4/54      AC:  7    Str: 13    XL:     9   Next: 27%
Magic:  9/9        EV: 20    Int:  9    God:
Gold:   160        SH:  0    Dex: 18    Spells: 8/8 levels left

rFire    . . .     SeeInvis .   a - +4 hunting sling (freeze)
rCold    . . .     Gourm    .   (shield restricted)
rNeg     . . .     Faith    .   i - +0 ring mail
rPois    .         Spirit   .   p - +1 helmet
rElec    .         Reflect  .   x - scarf {repulsion}
rCorr    .         Harm     .   (no gloves)
MR       .....                  (no boots)
Stlth    +.........             (no amulet)
HPRegen  0.18/turn              (no ring)
MPRegen  0.11/turn              (no ring)

@: repel missiles
A: small, mutation resistance 1
a: no special abilities


You were on level 10 of the Dungeon.
You were not hungry.

You visited 2 branches of the dungeon, and saw 9 of its levels.

You collected 160 gold pieces.

Inventory:

Hand Weapons
 a - a +4 hunting sling of freezing (weapon)
 b - a +1 dagger of venom
Missiles
 k - 104 stones
 l - 3 atropa-tipped darts
 r - 2 throwing nets
 u - 3 sling bullets (quivered)
Armour
 g - a +2 robe of magic resistance
 i - a +0 ring mail (worn)
 p - a +1 helmet (worn)
 x - a scarf of repulsion (worn)
 C - a +0 cloak
 D - the +2 robe "Ihinol" {rF+, unknown}
   (You found it on level 6 of the Dungeon)

   It protects you from fire.
Jewellery
 y - an uncursed ring of ice
Wands
 q - a wand of flame (20)
 B - a wand of digging (6)
Scrolls
 e - a scroll of remove curse
 j - a scroll of brand weapon {unknown}
 m - a scroll of teleportation
 n - 2 scrolls of immolation
 A - a scroll of enchant weapon
Potions
 c - 4 potions of lignification
 d - a potion of magic
 o - 3 potions of curing
 s - a potion of brilliance {unknown}
 t - a potion of might
 v - 2 potions of invisibility
 w - 2 potions of heal wounds
 z - a potion of agility {unknown}
Comestibles
 f - 10 rations


   Skills:
 - Level 1.7 Fighting
 - Level 12.0 Slings
 + Level 9.4 Dodging
 - Level 1.1 Stealth


You had 8 spell levels left.
You didn't know any spells.
Your spell library was empty.

Dungeon Overview and Level Annotations

Branches:
Dungeon (7/15)             Temple (1/1) D:6

Altars:
Ashenzari
Cheibriados
Fedhas
Hepliaklqana
Kikubaaqudgha
Nemelex Xobeh
Okawaru
Qazlal
Ru
Sif Muna
Trog
Uskayaw
Wu Jian
Xom
Yredelemnul

Annotations:
D:4 3 runed translucent doors, MisterOstroum's ghost, amateur OgCj


Innate Abilities, Weirdness & Mutations

You are small and have problems with some larger weapons.
You are somewhat resistant to further mutation.


Message History

The sling bullet freezes the orc warrior.
The orc warrior is almost dead.
Firing (i - inventory. (/) - cycle)
u - 6 sling bullets (quivered)
Press: ? - help, Shift-Dir - straight line, f/p - orc warrior
Aim: an orc warrior, wielding a +0 halberd and wearing a cursed +0 chain mail (almost dead)
You shoot a sling bullet.
The sling bullet closely misses the orc warrior.
Firing (i - inventory. (/) - cycle)
u - 5 sling bullets (quivered)
Press: ? - help, Shift-Dir - straight line, f/p - orc warrior
Aim: an orc warrior, wielding a +0 halberd and wearing a cursed +0 chain mail (almost dead)
You shoot a sling bullet.
The sling bullet closely misses the orc warrior.
Firing (i - inventory. (/) - cycle)
u - 4 sling bullets (quivered)
Press: ? - help, Shift-Dir - straight line, f/p - orc warrior
Aim: an orc warrior, wielding a +0 halberd and wearing a cursed +0 chain mail (almost dead)
You shoot a sling bullet.
The sling bullet hits the orc warrior but does no damage.
The orc warrior is almost dead.
The orc warrior hits you from afar with a +0 halberd!
You die...

≈≈≈≈≈#.#≈≈≈≈≈≈≈####
≈≈≈≈≈#.#≈≈≈≈≈≈....#
##+###≈(≈..#;≈≈...(...#
.........#.#..........#
......................#
......................#
........#...'.........#
........#.†##.........#
(....o.@#..##.........#
(..(.(..'.###.........#
.((.....### #.........#
(######## ##'####.###
#....#..###
#####..l.....
#......###...
#....$#..§§..
#.....#§§§...


You could see an orc warrior.

Vanquished Creatures
  Pikel (D:5)
  Grinder (D:6)
  A yak (D:10)
  A necrophage (D:10)
  A slave (D:5)
  A sky beast (D:6)
  2 bullfrogs (D:6)
  2 scorpions
  3 crimson imps
  A quasit (D:5)
  2 iguanas
  4 worker ants
  8 adders
  3 gnolls
  3 oozes
  An adder skeleton (D:6)
  2 worms
  3 dart slugs
  4 leopard geckos
  11 orcs
  A ball python (D:2)
  9 giant cockroaches
  13 goblins
  9 hobgoblins
  15 jackals
  2 quokkas
  8 bats
  6 frilled lizards
  A jackal zombie (D:2)
  11 kobolds
  13 rats
143 creatures vanquished.

Vanquished Creatures (others)
  A slave (D:5)
  An orc wizard (D:5)
  An adder (D:5)
  An orc (D:5)
  2 kobolds (D:5)
6 creatures vanquished.

Grand Total: 149 creatures vanquished

Notes
Turn   | Place    | Note
-------+----------+-------------------------------------------
     0 | D:1      | Kohma the Halfling Hunter began the quest for the Orb.
     0 | D:1      | Reached XP level 1. HP: 14/14 MP: 1/1
    74 | D:1      | Reached skill level 6 in Slings
   116 | D:1      | Reached XP level 2. HP: 19/19 MP: 2/2
   411 | D:1      | Reached XP level 3. HP: 24/24 MP: 3/3
   848 | D:1      | Reached skill level 7 in Slings
  1154 | D:2      | Reached XP level 4. HP: 26/29 MP: 4/4
  1952 | D:2      | Found a transporter.
  1962 | D:2      | Found a transporter.
  1972 | D:2      | Found a hide-covered altar of Uskayaw.
  1998 | D:2      | Reached XP level 5. HP: 34/34 MP: 5/5
  2228 | D:3      | Reached skill level 8 in Slings
  2832 | D:3      | Reached XP level 6. HP: 39/39 MP: 6/6
  2947 | D:3      | Found a sparkling altar of Nemelex Xobeh.
  3108 | D:3      | Reached skill level 9 in Slings
  3142 | D:3      | Found a stormy altar of Qazlal.
  3146 | D:3      | Found a sacrificial altar of Ru.
  3348 | D:4      | Noticed a sky beast
  3349 | D:4      | Found a runed translucent gate.
  3349 | D:4      | Found a runed translucent gate.
  3349 | D:4      | Found a runed translucent gate.
  3350 | D:4      | Noticed MisterOstroum's ghost (amateur OgCj)
  3465 | D:5      | Entered Level 5 of the Dungeon
  3468 | D:5      | Noticed Pikel
  3468 | D:5      | Noticed a slave
  3468 | D:5      | Noticed a slave
  3469 | D:5      | Noticed a slave
  3470 | D:5      | Noticed a slave
  3479 | D:5      | Killed a slave
  3491 | D:5      | Killed Pikel
  3491 | D:5      | Reached skill level 11 in Slings
  3491 | D:5      | Reached skill level 5 in Dodging
  3491 | D:5      | Reached XP level 7. HP: 32/44 MP: 7/7
  3491 | D:5      | Reached XP level 8. HP: 36/49 MP: 8/8
  3592 | D:6      | Found a hazy altar of Hepliaklqana.
  3688 | D:6      | Found a shimmering altar of Xom.
  3689 | D:6      | Found a shimmering altar of Xom.
  3689 | D:6      | Found a shimmering altar of Xom.
  3691 | D:6      | Found a shimmering altar of Xom.
  3710 | D:6      | Found a staircase to the Ecumenical Temple.
  3717 | Temple   | Entered the Ecumenical Temple
  4079 | D:5      | Reached skill level 12 in Slings
  4086 | D:5      | Found an ornate altar of the Wu Jian Council.
  4418 | D:6      | Noticed Grinder
  4420 | D:6      | Got a brightly glowing robe
  4430 | D:6      | Killed Grinder
  4530 | D:6      | Reached XP level 9. HP: 54/54 MP: 9/9
  4591 | D:7      | You fall into a shaft and drop 3 floors!
  4591 | D:10     | Entered Level 10 of the Dungeon
  4697 | D:10     | Slain by an orc warrior

Levels and vault maps discovered:
D:1:      psy_arrival_fountain, layout_basic
D:2:      layout_basic, gammafunk_temple_overflow_arena
D:3:      layout_rooms, grunt_temple_overflow_open, serial_glass,
          glass_columns_a, glass_columns_a, glass_columns_a, glass_columns_a,
          glass_columns_b, glass_columns_a, glass_columns_c, glass_columns_b,
          glass_columns_a, glass_columns_a, minmay_strange_pillars,
          minmay_strange_pillars, nemelex_lonely_heart_becter
D:4:      layout_basic, gammafunk_ghost_split, first_ration,
          chequers_serial_rivers_room_a
D:5:      layout_basic, old_standard_altar, serial_bayou_ford_a, uniq_edmund,
          uniq_pikel
D:6:      layout_loops_corners, xom_redecorated, lemuel_coloured_pillars_altar,
          temple_fountains, kennysheep_generic_room_15, uniq_grinder,
          uniq_crazy_yiuf_cottage
D:7:      layout_basic, overflow_temple_1_default, minmay_quadrilaterals
D:10:     layout_roguey, david_orc_3, serial_ice, serial_ice_l, serial_ice_g,
          serial_ice_m, serial_ice_d, serial_ice_f, serial_ice_h, serial_ice_a,
          grunt_pizzeria
Temple:   jpeg_temple_island

Skill      XL: |  1  2  3  4  5  6  7  8  9 |
---------------+----------------------------+-----
Slings         | 6 7 8 11 12 | 12.0
Dodging        | 3 5 8 9 |  9.4
Fighting       | |  1.7
Stealth        | |  1.1

Action                   |  1- 3 |  4- 6 |  7- 9 || total
-------------------------+-------+-------+-------++-------
 Fire: Hunting sling     |    87 |   250 |   139 ||   476
  Use: Scroll            |       |    14 |     4 ||    18
       Potion            |       |       |     1 ||     1
  Eat: Chunk             |       |     7 |     4 ||    11
Armor: Ring mail         |     3 |    56 |    24 ||    83
Dodge: Dodged            |    24 |   133 |    82 ||   239
       Deflected         |       |       |     3 ||     3

Table legend:
 A = Non-vault XP
 B = Vault XP
 C = Vault XP percentage of total XP
 D = Non-vault monster count
 E = Vault monster count
 F = Vault count percentage of total count
                 A         B        C        D         E       F
            +---------+---------+-------+---------+---------+-------
      Total |    1356 |    1149 |  45.9 |     135 |       7 |   4.9
            +---------+---------+-------+---------+---------+-------
        D:1 |      57 |       0 |   0.0 |      34 |       0 |   0.0
        D:2 |     122 |       9 |   6.9 |      34 |       4 |  10.5
        D:3 |     135 |       0 |   0.0 |      37 |       0 |   0.0
        D:4 |      54 |       0 |   0.0 |       2 |       0 |   0.0
        D:5 |     335 |     673 |  66.8 |      12 |       1 |   7.7
        D:6 |     514 |     254 |  33.1 |      12 |       1 |   7.7
       D:10 |     139 |     213 |  60.5 |       4 |       1 |  20.0
            +---------+---------+-------+---------+---------+-------
